 Dungeon Crawl Stone Soup version 0.20.1-1-g8b1a95d (webtiles) character file.

229 McKennaii the Ruffian (level 5, -16/36 HPs)
             Began as a Draconian Transmuter on July 21, 2017.
             Blown up by Sigmund (20 damage)
             ... with a wand of disintegration (?/24)
             ... on level 3 of the Dungeon.
             The game lasted 00:05:20 (3653 turns).

McKennaii the Ruffian (Draconian Transmuter)        Turns: 3653, Time: 00:05:21

Health: -16/36     AC:  6    Str: 15    XL:     5   Next: 71%
Magic:  8/8        EV: 13    Int: 14    God:
Gold:   157        SH:  0    Dex: 11    Spells: 5/8 levels left

rFire    . . .     SeeInvis .     - Unarmed
rCold    . . .     Gourm    .   (no shield)
rNeg     . . .     Faith    .   (armour unavailable)
rPois    .         Spirit   .   (helmet restricted)
rElec    .         Reflect  .   (no cloak)
rCorr    .         Harm     .   n - +0 pair of gloves
MR       .....                  (no boots)
Stlth    +.........             o - amulet of rage
Regen    0.2/turn               (no ring)
MPRegen  0.2/turn               (no ring)

@: no status effects
A: unfitting armour, frail 1, strong 1, cold-blooded, AC +5
a: Evoke Berserk Rage


You were on level 3 of the Dungeon.
You were not hungry.

You visited 1 branch of the dungeon, and saw 3 of its levels.

You collected 157 gold pieces.

Inventory:

Missiles
 a - 30 arrows
Armour
 n - a +0 pair of gloves (worn)
Jewellery
 e - an uncursed ring of ice {unknown}
 o - an amulet of rage (around neck)
Scrolls
 f - a scroll of noise {unknown}
 i - a scroll of blinking {unknown}
 j - a scroll of fog
 l - 4 scrolls of remove curse {unknown}
 m - a scroll of immolation {unknown}
Potions
 d - a potion of brilliance
 g - a potion of flight
 p - a potion of mutation
Books
 b - a book of Changes

   Spells                             Type                      Level
   a - Beastly Appendage              Transmutation                1
   b - Sticks to Snakes               Transmutation                2
   c - Spider Form                    Transmutation/Poison         3
   d - Ice Form                       Ice/Transmutation            4
   e - Blade Hands                    Transmutation                5
Comestibles
 c - 2 bread rations
 q - 3 fruits


   Skills:
 + Level 1.8 Fighting
 + Level 2.8 Dodging
 + Level 4.8 Unarmed Combat
 + Level 2.3 Spellcasting
 * Level 3.4 Transmutations


You had 5 spell levels left.
You knew the following spells:

 Your Spells              Type           Power        Failure   Level  Hunger
a - Beastly Appendage     Tmut           ##....       5%          1    #......
b - Sticks to Snakes      Tmut           ##......     9%          2    ###....


Dungeon Overview and Level Annotations

Branches:
Dungeon (3/15)

Altars:
Kikubaaqudgha
Uskayaw
Xom

Annotations:
D:3 Sigmund


Innate Abilities, Weirdness & Mutations

Your plain brown scales are hard. (AC +5)
You cannot fit into any form of body armour.
You are cold-blooded and may be slowed by cold attacks.
You are frail. (-10% HP)
Your muscles are strong. (Str +2)


Message History

* * * LOW HITPOINT WARNING * * *
You are too injured to fight recklessly!
You are too injured to fight recklessly!
You are too injured to fight recklessly!
You are too injured to fight recklessly!
You are too injured to fight recklessly!
You are too injured to fight recklessly!
You are too injured to fight recklessly!
You are too injured to fight recklessly!
You are too injured to fight recklessly!
You are too injured to fight recklessly!
You are too injured to fight recklessly!
Sigmund casts a spell at you. The puff of flame misses you.
A goblin comes into view. It is wielding a dagger.
The goblin shouts!
The goblin moves out of view.
Sigmund zaps a wand.
You are blasted!
Ouch! That really hurt!
You die...

##### #####.... #####
####.....#.# #...# #......#.#..
#...###.##........
##########...'......#.#.#.. ###
#...#........##...###......
..#####............##.......#....
..+...'.........@......@........>
..#####..(...<.g#####..........#.
..#####.........# #....##.#....
........####....# #....# .#....
.######.# #....# #.#..# #....
.....)..# #....# #.#..##.#.##.
.....)).# #....# #.#..##......
........# #....# #.......#.#.(
.......#####....## #.........#.#


You could see Sigmund and a goblin.

Vanquished Creatures
  2 crimson imps (D:3)
  Robin (D:3)
  3 gnolls (D:3)
  3 adders
  2 oozes
  2 worms (D:3)
  4 dart slugs
  2 leopard geckos (D:2)
  An orc (D:2)
  A ball python (D:1)
  A giant cockroach (D:1)
  12 goblins
  9 hobgoblins
  4 jackals (D:3)
  A quokka (D:3)
  3 bats
  4 frilled lizards
  8 kobolds
  7 rats
70 creatures vanquished.

Vanquished Creatures (collateral kills)
  A giant cockroach (D:3)
  3 goblins (D:3)
  A hobgoblin (D:3)
5 creatures vanquished.

Vanquished Creatures (others)
  A human (D:2)
1 creature vanquished.

Grand Total: 76 creatures vanquished

Notes
Turn   | Place    | Note
-------+----------+-------------------------------------------
     0 | D:1      | McKennaii the Draconian Transmuter began the quest for the Orb.
     0 | D:1      | Reached XP level 1. HP: 16/16 MP: 3/3
   437 | D:1      | Reached XP level 2. HP: 23/23 MP: 5/5
   444 | D:1      | Learned a level 2 spell: Sticks to Snakes
   873 | D:1      | Reached XP level 3. HP: 23/28 MP: 6/6
  1536 | D:2      | Found an ancient bone altar of Kikubaaqudgha.
  1538 | D:2      | Noticed a human
  1540 | D:2      | Killed a human
  1782 | D:2      | Reached skill level 4 in Unarmed Combat
  2021 | D:2      | Reached XP level 4. HP: 33/35 MP: 7/7
  2110 | D:3      | Noticed Sigmund
  2111 | D:3      | Found a hide-covered altar of Uskayaw.
  2469 | D:3      | Noticed Robin
  2514 | D:3      | Killed Robin
  2764 | D:3      | Reached XP level 5. HP: 27/41 MP: 8/8
  2839 | D:3      | Gained mutation: You are frail. (-10% HP) [potion of mutation]
  2839 | D:3      | Gained mutation: Your muscles are strong. (Str +2) [potion of mutation]
  3141 | D:3      | Found a shimmering altar of Xom.
  3653 | D:3      | Blown up by Sigmund

Skill      XL: |  1  2  3  4 |
---------------+-------------+-----
Dodging        | 2 |  2.8
Unarmed Combat | 4 |  4.8
Transmutations | 3 |  3.4
Fighting       | |  1.8
Spellcasting   | |  2.3

Action                   |  1- 3 |  4- 6 || total
-------------------------+-------+-------++-------
Melee: Unarmed           |   125 |   170 ||   295
       Tailslap          |     8 |    17 ||    25
       Punch             |     1 |     8 ||     9
       Headbutt          |       |     3 ||     3
 Cast: Beastly Appendage |     1 |     1 ||     2
       Sticks to Snakes  |       |     4 ||     4
  Use: Scroll            |     3 |       ||     3
       Potion            |       |     5 ||     5
  Eat: Chunk             |     4 |     2 ||     6
       Meat ration       |       |     1 ||     1
Armor: Skin              |    32 |    54 ||    86
Dodge: Dodged            |    62 |   104 ||   166
